WCHLSIM.com - West Coast Hockey League
html PUBLIC "-//W3C//DTD XHTML 1.0 Transitional//EN" "http://www.w3.org/TR/xhtml1/DTD/xhtml1-transitional.dtd"> WCHL - Game 241 - PORTLAND PIRATES vs SACRAMENTO BANDITS

PORTLAND PIRATES vs SACRAMENTO BANDITS

Created - 19 novembre 2021 at 21:25

Goals
1 2 3 T
PORTLAND PIRATES 0 1 1 2
SACRAMENTO BANDITS 0 1 2 3
Shots
1 2 3 T
PORTLAND PIRATES 5 5 10 20
SACRAMENTO BANDITS 8 8 9 25

1st period

No Goal

Penalties :
Niko Mikkola (SAC) for Hooking (Minor) at 2:46, Travis Hamonic (POR) for Cross-checking (Minor) at 13:06, Ryan Donato (POR) for Roughing (Minor) at 17:16

2nd period

1. SACRAMENTO BANDITS , Brock Boeser 7 (Jonathan Huberdeau 12, Filip Hronek 4) at 1:53
2. PORTLAND PIRATES , Travis Konecny 4 (Gabriel Landeskog 10, Mika Zibanejad 7) at 13:01

Penalties :
Thomas Chabot (POR) for Interference (Minor) at 14:49, Tom Wilson (SAC) for Slashing (Minor) at 19:03

3rd period

3. SACRAMENTO BANDITS , Brock Boeser 8 (Alexander DeBrincat 8, Jonathan Huberdeau 13) at 1:32
4. PORTLAND PIRATES , Gabriel Landeskog 4 (Travis Konecny 10) at 3:32
5. SACRAMENTO BANDITS , Jamie Benn 4 (John Carlson 13) at 13:22

Penalties :
Alexander DeBrincat (SAC) for Hooking (Minor) at 5:37, Tom Wilson (SAC) for Roughing (Minor) at 18:56, Thomas Chabot (POR) for Charging (Double Minor) at 18:56

Goalie Stats

Chris Driedger (POR), 22 saves from 25 shots - (0,880), L, 6-1-1, 60:00 minutes
Andrei Vasilevskiy (SAC), 18 saves from 20 shots - (0,900), W, 11-1-2, 60:00 minutes

Players Stats for PORTLAND PIRATES

Player Name              G  A  P  +/- PIM S  H  SB GA TA FO     MP     PP MP  PK MP  
------------------------------------------------------------------------------------
Adam Erne                0  0  0  -1  0   0  0  0  0  0  0/0     4:48   0:00   0:21 
Alec Martinez            0  0  0  -2  0   1  0  0  0  0  0/0    15:27   0:21   1:00 
Brett Pesce              0  0  0  -1  0   0  0  3  0  0  0/0    20:12   0:00   3:21 
Brian Dumoulin           0  0  0  -1  0   0  3  1  0  0  0/0    24:30   3:15   3:21 
Chandler Stephenson      0  0  0  -1  0   2  1  0  0  0  12/19  19:51   2:34   1:57 
Gabriel Landeskog        1  1  2   1  0   5  0  0  0  0  0/0    19:14   3:23   0:00 
Jason Demers             0  0  0  -2  0   1  0  0  0  0  0/0    16:42   0:00   2:36 
Joakim Nordstrom         0  0  0  -1  0   0  1  0  0  0  1/2     8:06   0:00   3:39 
Joe Thornton             0  0  0   0  0   0  4  0  0  0  12/21  15:37   0:00   3:09 
Mika Zibanejad           0  1  1   1  0   1  2  0  0  0  9/18   19:14   3:23   0:00 
Pavel Zacha              0  0  0  -1  0   2  1  0  0  0  3/3    17:54   2:34   0:00 
Rickard Rakell           0  0  0   0  0   2  0  0  0  0  1/2    15:10   2:42   0:00 
Ryan Donato              0  0  0   0  2   4  3  0  0  0  1/3    15:21   2:54   0:00 
Thomas Chabot            0  0  0   2  6   0  2  1  0  0  0/0    18:46   2:42   0:00 
Travis Hamonic           0  0  0   2  2   0  1  0  0  0  0/0    18:44   0:00   1:36 
Travis Konecny           1  1  2   1  0   2  0  1  0  0  1/2    18:11   3:23   0:00 
William Carrier          0  0  0  -1  0   0  0  0  0  0  0/0     5:18   0:00   0:51 
Yanni Gourde             0  0  0  -1  0   0  2  0  0  0  0/0    19:51   2:34   1:57 

Players Stats for SACRAMENTO BANDITS

Player Name              G  A  P  +/- PIM S  H  SB GA TA FO     MP     PP MP  PK MP  
------------------------------------------------------------------------------------
Alexander DeBrincat      0  1  1   2  2   2  0  0  0  0  2/20   19:30   2:44   1:28 
Ben Harpur               0  0  0  -1  0   0  3  0  0  0  0/0    14:42   0:00   0:00 
Brock Boeser             2  0  2   2  0   4  0  0  0  0  1/1    17:53   2:44   0:00 
Colton Sissons           0  0  0  -2  0   3  1  0  0  0  5/11   14:53   0:00   2:33 
Filip Hronek             0  1  1   1  0   1  0  0  0  0  0/0    20:31   3:04   3:08 
Gabriel Dumont           0  0  0  -2  0   0  1  0  0  0  3/5    13:25   0:00   1:05 
Jamie Benn               1  0  1   1  0   5  1  0  0  0  0/0    22:48   3:13   3:24 
Joel Edmundson           0  0  0   1  0   1  1  0  0  0  0/0    20:31   3:04   3:08 
John Carlson             0  1  1   1  0   0  2  0  0  0  0/0    24:47   2:53   2:49 
Jonathan Huberdeau       0  2  2   2  0   5  1  1  0  0  1/2    23:02   2:44   0:00 
Kyle Turris              0  0  0   0  0   1  0  0  0  0  3/7     4:16   0:00   0:00 
Lars Eller               0  0  0   1  0   3  0  1  0  0  15/21  22:05   3:13   3:24 
Libor Hajek              0  0  0  -1  0   0  1  0  0  0  0/0    14:42   0:00   0:00 
Lukas Vejdemo            0  0  0  -2  0   0  3  0  0  0  0/0    12:20   0:00   0:00 
Mikhail Sergachev        0  0  0   1  0   0  1  0  0  0  0/0    22:25   2:53   2:49 
Niko Mikkola             0  0  0   0  2   0  1  0  0  0  0/0     2:21   0:00   0:00 
Stefan Noesen            0  0  0   0  0   0  0  0  0  0  0/0     4:16   0:00   0:00 
Tom Wilson               0  0  0   1  4   0  6  0  0  0  0/3    18:29   3:13   0:00 

3 Stars

1 - Brock Boeser (SAC)
2 - Jonathan Huberdeau (SAC)
3 - Travis Konecny (POR)

Power Play

PORTLAND PIRATES - 0 on 3 Attempt(s) - 0,00%
SACRAMENTO BANDITS - 0 on 4 Attempt(s) - 0,00%

Penalty Kill

PORTLAND PIRATES - 4 on 4 Attempt(s) - 100,00% - Score 0 goal in Penalty Kill
SACRAMENTO BANDITS - 3 on 3 Attempt(s) - 100,00% - Score 0 goal in Penalty Kill

Team Stat

PORTLAND PIRATES - Hits : 20 - Faceoff Wins : 40 - Blocked Shots : 6 - Penalty Minutes : 10
SACRAMENTO BANDITS - Hits : 22 - Faceoff Wins : 30 - Blocked Shots : 2 - Penalty Minutes : 8

Official

Referees : Justin St. Pierre and Michael Markovic
Linesman : Stephen Drain and Shaun Morgan

Game Notes

No Game Note

Finance

Level 1 -- Attendance: 6205 (100,00%) -- Ticket Income 992 800 $
Level 2 -- Attendance: 3800 (71,97%) -- Ticket Income 532 000 $
Level 3 -- Attendance: 1857 (86,98%) -- Ticket Income 222 840 $
Level 4 -- Attendance: 3360 (78,50%) -- Ticket Income 302 400 $
Luxury Box -- Attendance: 960 (95,05%) -- Ticket Income 288 000 $
Game was played at the Sacramento Center Palace.
Total Attendance: 16182 (85,57%)
Total Ticket Income: 2 338 040 $
Other Expense: 23 380 $
Total Income: 2 314 660 $

PORTLAND PIRATES

5 vs 5 Forward 
   Center                   Left Wing                Right Wing               Time % Phy DF OF 
 1 Mika Zibanejad           Gabriel Landeskog        Travis Konecny           33     0   1  4  
 2 Chandler Stephenson      Pavel Zacha              Yanni Gourde             32     0   2  3  
 3 Joe Thornton             Ryan Donato              Rickard Rakell           30     0   2  3  
 4 Joakim Nordstrom         William Carrier          Adam Erne                5      1   2  2  

5 vs 5 Defense 
   Defense                  Defense                                           Time % Phy DF OF 
 1 Brett Pesce              Brian Dumoulin                                    35     0   4  1  
 2 Thomas Chabot            Travis Hamonic                                    33     0   4  1  
 3 Jason Demers             Alec Martinez                                     22     0   4  1  
 4 Jason Demers             Alec Martinez                                     10     0   4  1  

PowerPlay Forward 
   Center                   Left Wing                Right Wing               Time % Phy DF OF 
 1 Mika Zibanejad           Gabriel Landeskog        Travis Konecny           60     0   1  4  
 2 Chandler Stephenson      Pavel Zacha              Yanni Gourde             40     0   1  4  

PowerPlay Defense
   Defense                  Defense                                           Time % Phy DF OF 
 1 Thomas Chabot            Rickard Rakell                                    60     0   1  4  
 2 Brian Dumoulin           Ryan Donato                                       40     0   1  4  

Penalty Kill 4 Players Forward 
   Center                   Wing                     Time % Phy DF OF 
 1 Joe Thornton             Joakim Nordstrom         60     0   5  0  
 2 Chandler Stephenson      Yanni Gourde             40     0   5  0  

Penalty Kill 4 Players Defense
   Defense                  Defense                  Time % Phy DF OF 
 1 Brett Pesce              Brian Dumoulin           60     0   5  0  
 2 Travis Hamonic           Jason Demers             40     0   5  0  

Penalty Kill - 3 Players Forward 
   Forward                                           Time % Phy DF OF 
 1 Joe Thornton                                      60     0   5  0  
 2 Joakim Nordstrom                                  40     0   5  0  

Penalty Kill - 3 Players Defense
   Defense                  Defense                  Time % Phy DF OF 
 1 Brett Pesce              Brian Dumoulin           60     0   5  0  
 2 Travis Hamonic           Jason Demers             40     0   5  0  

4 vs 4 Forward 
   Center                   Wing                     Time % Phy DF OF 
 1 Mika Zibanejad           Gabriel Landeskog        60     0   2  3  
 2 Pavel Zacha              Travis Konecny           40     0   2  3  

4 vs 4 Defense
   Defense                  Defense                  Time % Phy DF OF 
 1 Thomas Chabot            Brian Dumoulin           60     0   3  2  
 2 Travis Hamonic           Jason Demers             40     0   3  2  

Last Minutes Offensive
   Center                   Left Wing                Right Wing               Defense                  Defense                  
   Mika Zibanejad           Gabriel Landeskog        Travis Konecny           Thomas Chabot            Brett Pesce              

Last Minutes Defensive
   Center                   Left Wing                Right Wing               Defense                  Defense                  
   Joe Thornton             Chandler Stephenson      Yanni Gourde             Alec Martinez            Brett Pesce              

Goaltenders
Starting : Chris Driedger           
Backup : Jonathan Bernier         

Extra Forwards
Normal : Adam Erne, Ryan Donato, Rickard Rakell - PP : Joe Thornton, Adam Erne - PK : William Carrier
Extra Defensemen
Normal : Jason Demers, Travis Hamonic, Thomas Chabot - PP : Alec Martinez - PK : Alec Martinez, Jason Demers
Penalty Shots
Mika Zibanejad, Gabriel Landeskog, Travis Konecny, Pavel Zacha, Yanni Gourde
Custom OT Lines Forwards
Mika Zibanejad, Gabriel Landeskog, Travis Konecny, Chandler Stephenson, Yanni Gourde, Pavel Zacha, Joe Thornton, Rickard Rakell, Ryan Donato, Adam Erne
Custom OT Lines Defensemen
Thomas Chabot, Alec Martinez, Brett Pesce, Brian Dumoulin, Travis Hamonic

Scratches
Kevin Lankinen (Healthy)

SACRAMENTO BANDITS

5 vs 5 Forward 
   Center                   Left Wing                Right Wing               Time % Phy DF OF 
 1 Alexander DeBrincat      Jonathan Huberdeau       Brock Boeser             35     1   2  2  
 2 Lars Eller               Jamie Benn               Tom Wilson               35     1   2  2  
 3 Colton Sissons           Lukas Vejdemo            Gabriel Dumont           25     1   2  2  
 4 Kyle Turris              Jonathan Huberdeau       Stefan Noesen            5      1   2  2  

5 vs 5 Defense 
   Defense                  Defense                                           Time % Phy DF OF 
 1 John Carlson             Mikhail Sergachev                                 36     1   2  2  
 2 Filip Hronek             Joel Edmundson                                    31     1   2  2  
 3 Ben Harpur               Libor Hajek                                       23     1   2  2  
 4 Niko Mikkola             John Carlson                                      10     1   2  2  

PowerPlay Forward 
   Center                   Left Wing                Right Wing               Time % Phy DF OF 
 1 Alexander DeBrincat      Jonathan Huberdeau       Brock Boeser             55     1   2  2  
 2 Lars Eller               Jamie Benn               Tom Wilson               45     1   2  2  

PowerPlay Defense
   Defense                  Defense                                           Time % Phy DF OF 
 1 John Carlson             Mikhail Sergachev                                 55     1   2  2  
 2 Filip Hronek             Joel Edmundson                                    45     1   2  2  

Penalty Kill 4 Players Forward 
   Center                   Wing                     Time % Phy DF OF 
 1 Lars Eller               Jamie Benn               55     1   2  2  
 2 Alexander DeBrincat      Colton Sissons           45     1   2  2  

Penalty Kill 4 Players Defense
   Defense                  Defense                  Time % Phy DF OF 
 1 John Carlson             Mikhail Sergachev        55     1   2  2  
 2 Filip Hronek             Joel Edmundson           45     1   2  2  

Penalty Kill - 3 Players Forward 
   Forward                                           Time % Phy DF OF 
 1 Colton Sissons                                    55     1   2  2  
 2 Kyle Turris                                       45     1   2  2  

Penalty Kill - 3 Players Defense
   Defense                  Defense                  Time % Phy DF OF 
 1 John Carlson             Mikhail Sergachev        55     1   2  2  
 2 Filip Hronek             Joel Edmundson           45     1   2  2  

4 vs 4 Forward 
   Center                   Wing                     Time % Phy DF OF 
 1 Jonathan Huberdeau       Jamie Benn               55     1   2  2  
 2 Alexander DeBrincat      Lars Eller               45     1   2  2  

4 vs 4 Defense
   Defense                  Defense                  Time % Phy DF OF 
 1 John Carlson             Mikhail Sergachev        55     1   2  2  
 2 Filip Hronek             Joel Edmundson           45     1   2  2  

Last Minutes Offensive
   Center                   Left Wing                Right Wing               Defense                  Defense                  
   Alexander DeBrincat      Jonathan Huberdeau       Tom Wilson               John Carlson             Mikhail Sergachev        

Last Minutes Defensive
   Center                   Left Wing                Right Wing               Defense                  Defense                  
   Alexander DeBrincat      Jonathan Huberdeau       Tom Wilson               John Carlson             Mikhail Sergachev        

Goaltenders
Starting : Andrei Vasilevskiy       
Backup : Filip Gustavsson         

Extra Forwards
Normal : Colton Sissons, Kyle Turris, Gabriel Dumont - PP : Colton Sissons, Kyle Turris - PK : Gabriel Dumont
Extra Defensemen
Normal : Ben Harpur, Libor Hajek, Niko Mikkola - PP : Ben Harpur - PK : Libor Hajek, Niko Mikkola
Penalty Shots
Jonathan Huberdeau, Jamie Benn, Alexander DeBrincat, Lars Eller, Tom Wilson
Custom OT Lines Forwards
Jonathan Huberdeau, Jamie Benn, Alexander DeBrincat, Lars Eller, Tom Wilson, Brock Boeser, Colton Sissons, Kyle Turris, Gabriel Dumont, Lukas Vejdemo
Custom OT Lines Defensemen
John Carlson, Mikhail Sergachev, Filip Hronek, Joel Edmundson, Ben Harpur

Scratches
Aleksander Barkov (Healthy), Carter Verhaeghe (Left Forearm Injury), Cal Clutterbuck (Fractured Bone in Right Hand Injury), Mattias Ekholm (Sprained Right Finger Injury)

% Time on Ice - PORTLAND PIRATES

Lines # - Real PCT - Wanted PCT - Time Play
Normal Forward
1 - 31% - 33% - 14:48
2 - 33% - 32% - 15:20
3 - 26% - 30% - 12:28
4 - 9% - 5% - 4:27
Normal Defense
1 - 36% - 35% - 16:51
2 - 34% - 33% - 16:06
3 - 20% - 22% - 9:36
4 - 10% - 10% - 4:30
PP Forward
1 - 57% - 60% - 3:23
2 - 43% - 40% - 2:34
PP Defense
1 - 45% - 60% - 2:42
2 - 55% - 40% - 3:15
PK Forward
1 - 67% - 60% - 4:00
2 - 33% - 40% - 1:57
PK Defense
1 - 56% - 60% - 3:21
2 - 44% - 40% - 2:36
PK3 Forward
1 - 0% - 60%
2 - 0% - 40%
PK3 Defense
1 - 0% - 60%
2 - 0% - 40%
44 Forward
1 - 100% - 60% - 1:03
2 - 0% - 40% - 0:00
44 Defense
1 - 100% - 60% - 1:03
2 - 0% - 40% - 0:00
Last Minute Offensive  - 0:00
Last Minute Defensive  - 0:00
Total
Forward - 60:00
Defense - 60:00

% Time on Ice - SACRAMENTO BANDITS

Lines # - Real PCT - Wanted PCT - Time Play
Normal Forward
1 - 32% - 35% - 15:09
2 - 33% - 35% - 15:18
3 - 26% - 25% - 12:20
4 - 9% - 5% - 4:16
Normal Defense
1 - 34% - 36% - 15:50
2 - 30% - 31% - 14:09
3 - 31% - 23% - 14:42
4 - 5% - 10% - 2:22
PP Forward
1 - 46% - 55% - 2:44
2 - 54% - 45% - 3:13
PP Defense
1 - 48% - 55% - 2:53
2 - 52% - 45% - 3:04
PK Forward
1 - 57% - 55% - 3:24
2 - 43% - 45% - 2:33
PK Defense
1 - 47% - 55% - 2:49
2 - 53% - 45% - 3:08
PK3 Forward
1 - 0% - 55%
2 - 0% - 45%
PK3 Defense
1 - 0% - 55%
2 - 0% - 45%
44 Forward
1 - 84% - 55% - 0:53
2 - 16% - 45% - 0:10
44 Defense
1 - 84% - 55% - 0:53
2 - 16% - 45% - 0:10
Last Minute Offensive  - 0:00
Last Minute Defensive  - 0:00
Total
Forward - 60:00
Defense - 60:00

Play-by-Play

1st period


0:01 of 1st period - Mika Zibanejad wins face-off versus Alexander DeBrincat in neutral zone.
0:32 of 1st period - Shot by Alexander DeBrincat.
0:32 of 1st period - Shot Misses the Net.
0:47 of 1st period - Shot by Jonathan Huberdeau.
0:47 of 1st period - Shot Misses the Net.
0:49 of 1st period - Shot by John Carlson.
0:49 of 1st period - Shot Blocked by Brian Dumoulin.
1:08 of 1st period - Off-side.
1:09 of 1st period - Colton Sissons wins face-off versus Chandler Stephenson in neutral zone.
1:09 of 1st period - Colton Sissons is hit by Yanni Gourde.
1:12 of 1st period - Ben Harpur is hit by Yanni Gourde and loses puck.
1:40 of 1st period - Chandler Stephenson is hit by Lukas Vejdemo and loses puck.
2:17 of 1st period - Shot by Jamie Benn.
2:17 of 1st period - Stopped by Chris Driedger without a rebound.
2:18 of 1st period - Kyle Turris wins face-off versus Joe Thornton in PORTLAND PIRATES zone.
2:46 of 1st period - Minor Penalty to Niko Mikkola for Hooking.
2:47 of 1st period - Lars Eller wins face-off versus Mika Zibanejad in SACRAMENTO BANDITS zone.
4:04 of 1st period - Shot by Rickard Rakell.
4:04 of 1st period - Shot Misses the Net.
5:05 of 1st period - Shot by Kyle Turris.
5:05 of 1st period - Stopped by Chris Driedger without a rebound.
5:06 of 1st period - Joe Thornton wins face-off versus Alexander DeBrincat in PORTLAND PIRATES zone.
5:22 of 1st period - Icing by Jonathan Huberdeau.
5:23 of 1st period - Brock Boeser wins face-off versus Joakim Nordstrom in SACRAMENTO BANDITS zone.
5:33 of 1st period - Shot by Brock Boeser.
5:33 of 1st period - Stopped by Chris Driedger without a rebound.
5:34 of 1st period - Lars Eller wins face-off versus Mika Zibanejad in PORTLAND PIRATES zone.
6:49 of 1st period - Jonathan Huberdeau is hit by Mika Zibanejad and loses puck.
7:04 of 1st period - Shot by Jonathan Huberdeau.
7:04 of 1st period - Stopped by Chris Driedger without a rebound.
7:05 of 1st period - Chandler Stephenson wins face-off versus Colton Sissons in PORTLAND PIRATES zone.
7:05 of 1st period - Chandler Stephenson is hit by Gabriel Dumont.
7:14 of 1st period - Icing by Libor Hajek.
7:15 of 1st period - Gabriel Dumont wins face-off versus Rickard Rakell in SACRAMENTO BANDITS zone.
7:27 of 1st period - Joe Thornton is hit by Libor Hajek.
7:36 of 1st period - Icing by Ben Harpur.
7:37 of 1st period - Colton Sissons wins face-off versus Chandler Stephenson in SACRAMENTO BANDITS zone.
7:48 of 1st period - Shot by Colton Sissons.
7:48 of 1st period - Shot Misses the Net.
8:11 of 1st period - Yanni Gourde is hit by Ben Harpur and loses puck.
8:17 of 1st period - Yanni Gourde is hit by Ben Harpur and loses puck.
8:23 of 1st period - Icing by Colton Sissons.
8:24 of 1st period - Colton Sissons wins face-off versus Joe Thornton in SACRAMENTO BANDITS zone.
8:45 of 1st period - Colton Sissons is hit by Ryan Donato and loses puck.
8:54 of 1st period - Shot by Ryan Donato.
8:54 of 1st period - Stopped by Andrei Vasilevskiy without a rebound.
8:55 of 1st period - Lars Eller wins face-off versus Mika Zibanejad in SACRAMENTO BANDITS zone.
8:55 of 1st period - Lars Eller is hit by Mika Zibanejad.
9:38 of 1st period - Travis Konecny is hit by Tom Wilson and loses puck.
10:41 of 1st period - Icing by Jonathan Huberdeau.
10:42 of 1st period - Joe Thornton wins face-off versus Alexander DeBrincat in SACRAMENTO BANDITS zone.
10:43 of 1st period - Shot by Rickard Rakell.
10:43 of 1st period - Stopped by Andrei Vasilevskiy without a rebound.
10:44 of 1st period - Rickard Rakell wins face-off versus Kyle Turris in SACRAMENTO BANDITS zone.
10:45 of 1st period - Shot by Ryan Donato.
10:45 of 1st period - Shot Misses the Net.
10:50 of 1st period - Jonathan Huberdeau is hit by Brian Dumoulin and loses puck.
11:13 of 1st period - Shot by Jonathan Huberdeau.
11:13 of 1st period - Stopped by Chris Driedger without a rebound.
11:14 of 1st period - Mika Zibanejad wins face-off versus Lars Eller in PORTLAND PIRATES zone.
11:34 of 1st period - Shot by Gabriel Landeskog.
11:34 of 1st period - Stopped by Andrei Vasilevskiy with a rebound.
11:43 of 1st period - Icing by Joel Edmundson.
11:44 of 1st period - Chandler Stephenson wins face-off versus Lars Eller in SACRAMENTO BANDITS zone.
12:07 of 1st period - Shot by Pavel Zacha.
12:07 of 1st period - Stopped by Andrei Vasilevskiy with a rebound.
12:40 of 1st period - Jamie Benn is hit by Joe Thornton and loses puck.
12:50 of 1st period - Icing by Travis Hamonic.
12:51 of 1st period - Alexander DeBrincat wins face-off versus Joe Thornton in PORTLAND PIRATES zone.
13:00 of 1st period - John Carlson is hit by Joe Thornton and loses puck.
13:06 of 1st period - Minor Penalty to Travis Hamonic for Cross-checking.
13:07 of 1st period - Joe Thornton wins face-off versus Alexander DeBrincat in PORTLAND PIRATES zone.
13:35 of 1st period - Shot by Brock Boeser.
13:35 of 1st period - Shot Misses the Net.
14:15 of 1st period - Icing by Joel Edmundson.
14:16 of 1st period - Lars Eller wins face-off versus Chandler Stephenson in SACRAMENTO BANDITS zone.
14:23 of 1st period - Shot by Jamie Benn.
14:23 of 1st period - Stopped by Chris Driedger with a rebound.
14:25 of 1st period - Shot by Joel Edmundson.
14:25 of 1st period - Stopped by Chris Driedger without a rebound.
14:26 of 1st period - Joe Thornton wins face-off versus Lars Eller in PORTLAND PIRATES zone.
15:04 of 1st period - Brett Pesce is hit by Tom Wilson and loses puck.
15:40 of 1st period - Gabriel Landeskog is hit by Lukas Vejdemo and loses puck.
16:38 of 1st period - Brock Boeser is hit by Pavel Zacha.
17:10 of 1st period - Icing by John Carlson.
17:11 of 1st period - Joe Thornton wins face-off versus Alexander DeBrincat in SACRAMENTO BANDITS zone.
17:12 of 1st period - Shot by Rickard Rakell.
17:12 of 1st period - Shot Misses the Net.
17:14 of 1st period - Shot by Alec Martinez.
17:14 of 1st period - Stopped by Andrei Vasilevskiy without a rebound.
17:15 of 1st period - Lars Eller wins face-off versus Joe Thornton in SACRAMENTO BANDITS zone.
17:15 of 1st period - Lars Eller is hit by Ryan Donato.
17:16 of 1st period - Minor Penalty to Ryan Donato for Roughing.
17:17 of 1st period - Joe Thornton wins face-off versus Tom Wilson in PORTLAND PIRATES zone.
17:44 of 1st period - Shot by Lars Eller.
17:44 of 1st period - Shot Misses the Net.
17:46 of 1st period - Shot by Lars Eller.
17:46 of 1st period - Stopped by Chris Driedger without a rebound.
17:47 of 1st period - Joe Thornton wins face-off versus Alexander DeBrincat in PORTLAND PIRATES zone.
18:37 of 1st period - Tom Wilson is hit by Brian Dumoulin and loses puck.
19:41 of 1st period - Thomas Chabot is hit by Lukas Vejdemo and loses puck.
Goals for this period are 0 for PORTLAND PIRATES vs 0 for SACRAMENTO BANDITS.
Shots for this period are 5 for PORTLAND PIRATES vs 8 for SACRAMENTO BANDITS.

2nd period


0:01 of 2nd period - Lars Eller wins face-off versus Joe Thornton in neutral zone.
0:18 of 2nd period - Off-side.
0:19 of 2nd period - Pavel Zacha wins face-off versus Alexander DeBrincat in neutral zone.
0:28 of 2nd period - Shot by Chandler Stephenson.
0:28 of 2nd period - Stopped by Andrei Vasilevskiy with a rebound.
0:34 of 2nd period - Shot by Pavel Zacha.
0:34 of 2nd period - Stopped by Andrei Vasilevskiy without a rebound.
0:35 of 2nd period - Joe Thornton wins face-off versus Tom Wilson in SACRAMENTO BANDITS zone.
0:44 of 2nd period - Shot by Ryan Donato.
0:44 of 2nd period - Stopped by Andrei Vasilevskiy with a rebound.
0:46 of 2nd period - Shot by Brett Pesce.
0:46 of 2nd period - Deflect By Rickard Rakell.
0:46 of 2nd period - Shot Misses the Net.
1:36 of 2nd period - Jonathan Huberdeau is hit by Ryan Donato and loses puck.
1:53 of 2nd period - Shot by Brock Boeser.
1:53 of 2nd period - Goal by Brock Boeser - PORTLAND PIRATES : 0 - SACRAMENTO BANDITS : 1.
1:54 of 2nd period - Colton Sissons wins face-off versus Mika Zibanejad in neutral zone.
2:09 of 2nd period - Off-side.
2:10 of 2nd period - Pavel Zacha wins face-off versus Alexander DeBrincat in neutral zone.
2:41 of 2nd period - Shot by Alexander DeBrincat.
2:41 of 2nd period - Deflect By Jonathan Huberdeau.
2:41 of 2nd period - Shot Misses the Net.
2:43 of 2nd period - Shot by Jonathan Huberdeau.
2:43 of 2nd period - Shot Misses the Net.
3:17 of 2nd period - Shot by Gabriel Landeskog.
3:17 of 2nd period - Shot Misses the Net.
3:21 of 2nd period - Shot by Mika Zibanejad.
3:21 of 2nd period - Shot Misses the Net.
3:23 of 2nd period - Shot by Gabriel Landeskog.
3:23 of 2nd period - Stopped by Andrei Vasilevskiy without a rebound.
3:24 of 2nd period - Joakim Nordstrom wins face-off versus Colton Sissons in SACRAMENTO BANDITS zone.
3:42 of 2nd period - Shot by Adam Erne.
3:42 of 2nd period - Shot Hit the Post.
5:22 of 2nd period - Icing by Travis Hamonic.
5:23 of 2nd period - Joe Thornton wins face-off versus Kyle Turris in PORTLAND PIRATES zone.
5:43 of 2nd period - Libor Hajek is hit by Joe Thornton and loses puck.
5:51 of 2nd period - Icing by Ben Harpur.
5:52 of 2nd period - Kyle Turris wins face-off versus Travis Konecny in SACRAMENTO BANDITS zone.
6:11 of 2nd period - Shot by Gabriel Landeskog.
6:11 of 2nd period - Shot Misses the Net.
8:39 of 2nd period - Shot by Travis Konecny.
8:39 of 2nd period - Shot Misses the Net.
9:37 of 2nd period - Shot by Alexander DeBrincat.
9:37 of 2nd period - Stopped by Chris Driedger with a rebound.
9:39 of 2nd period - Shot by Alexander DeBrincat.
9:39 of 2nd period - Deflect By Brock Boeser.
9:39 of 2nd period - Stopped by Chris Driedger without a rebound.
9:40 of 2nd period - Lars Eller wins face-off versus Chandler Stephenson in PORTLAND PIRATES zone.
9:51 of 2nd period - Shot by Tom Wilson.
9:51 of 2nd period - Shot Misses the Net.
10:33 of 2nd period - Brett Pesce is hit by Jamie Benn and loses puck.
10:47 of 2nd period - Adam Erne is hit by Joel Edmundson and loses puck.
11:15 of 2nd period - Shot by Alexander DeBrincat.
11:15 of 2nd period - Shot Misses the Net.
11:38 of 2nd period - Libor Hajek is hit by Joakim Nordstrom and loses puck.
12:32 of 2nd period - Icing by Ben Harpur.
12:33 of 2nd period - Mika Zibanejad wins face-off versus Colton Sissons in SACRAMENTO BANDITS zone.
13:01 of 2nd period - Shot by Gabriel Landeskog.
13:01 of 2nd period - Deflect By Travis Konecny.
13:01 of 2nd period - Goal by Travis Konecny - PORTLAND PIRATES : 1 - SACRAMENTO BANDITS : 1.
13:02 of 2nd period - Chandler Stephenson wins face-off versus Alexander DeBrincat in neutral zone.
14:05 of 2nd period - Shot by Jamie Benn.
14:05 of 2nd period - Shot Misses the Net.
14:09 of 2nd period - Shot by Jamie Benn.
14:09 of 2nd period - Shot Blocked by Travis Konecny.
14:11 of 2nd period - Shot by Jamie Benn.
14:11 of 2nd period - Stopped by Chris Driedger without a rebound.
14:12 of 2nd period - Joe Thornton wins face-off versus Lars Eller in PORTLAND PIRATES zone.
14:37 of 2nd period - Lars Eller is hit by Travis Hamonic and loses puck.
14:49 of 2nd period - Minor Penalty to Thomas Chabot for Interference.
14:50 of 2nd period - Joe Thornton wins face-off versus Alexander DeBrincat in PORTLAND PIRATES zone.
15:01 of 2nd period - Shot by Jonathan Huberdeau.
15:01 of 2nd period - Stopped by Chris Driedger without a rebound.
15:02 of 2nd period - Alexander DeBrincat wins face-off versus Joe Thornton in PORTLAND PIRATES zone.
15:33 of 2nd period - Shot by Brock Boeser.
15:33 of 2nd period - Shot Blocked by Brett Pesce.
15:35 of 2nd period - Shot by Jonathan Huberdeau.
15:35 of 2nd period - Shot Misses the Net.
15:41 of 2nd period - Shot by Jonathan Huberdeau.
15:41 of 2nd period - Stopped by Chris Driedger without a rebound.
15:42 of 2nd period - Chandler Stephenson wins face-off versus Lars Eller in PORTLAND PIRATES zone.
15:42 of 2nd period - Chandler Stephenson is hit by Tom Wilson.
16:25 of 2nd period - Travis Hamonic is hit by Tom Wilson and loses puck.
17:04 of 2nd period - Shot by Colton Sissons.
17:04 of 2nd period - Stopped by Chris Driedger without a rebound.
17:05 of 2nd period - Chandler Stephenson wins face-off versus Alexander DeBrincat in PORTLAND PIRATES zone.
18:15 of 2nd period - Shot by Colton Sissons.
18:15 of 2nd period - Shot Misses the Net.
18:17 of 2nd period - Shot by Colton Sissons.
18:17 of 2nd period - Shot Misses the Net.
18:19 of 2nd period - Shot by Joel Edmundson.
18:19 of 2nd period - Shot Misses the Net.
18:21 of 2nd period - Shot by Joel Edmundson.
18:21 of 2nd period - Shot Blocked by Brett Pesce.
18:23 of 2nd period - Shot by Filip Hronek.
18:23 of 2nd period - Stopped by Chris Driedger without a rebound.
18:24 of 2nd period - Lars Eller wins face-off versus Joe Thornton in PORTLAND PIRATES zone.
19:03 of 2nd period - Minor Penalty to Tom Wilson for Slashing.
19:04 of 2nd period - Travis Konecny wins face-off versus Alexander DeBrincat in SACRAMENTO BANDITS zone.
19:41 of 2nd period - Shot by Mika Zibanejad.
19:41 of 2nd period - Shot Misses the Net.
Goals for this period are 1 for PORTLAND PIRATES vs 1 for SACRAMENTO BANDITS.
Shots for this period are 5 for PORTLAND PIRATES vs 8 for SACRAMENTO BANDITS.

3rd period


0:01 of 3rd period - Lars Eller wins face-off versus Mika Zibanejad in neutral zone.
1:32 of 3rd period - Shot by Brock Boeser.
1:32 of 3rd period - Goal by Brock Boeser - PORTLAND PIRATES : 1 - SACRAMENTO BANDITS : 2.
1:33 of 3rd period - Chandler Stephenson wins face-off versus Colton Sissons in neutral zone.
1:42 of 3rd period - Shot by Chandler Stephenson.
1:42 of 3rd period - Stopped by Andrei Vasilevskiy without a rebound.
1:43 of 3rd period - Pavel Zacha wins face-off versus Kyle Turris in SACRAMENTO BANDITS zone.
1:57 of 3rd period - Jonathan Huberdeau is hit by Brian Dumoulin and loses puck.
2:08 of 3rd period - Shot by Jonathan Huberdeau.
2:08 of 3rd period - Shot Blocked by Brett Pesce.
2:36 of 3rd period - Yanni Gourde is hit by Tom Wilson and loses puck.
2:46 of 3rd period - Icing by Brett Pesce.
2:47 of 3rd period - Chandler Stephenson wins face-off versus Gabriel Dumont in PORTLAND PIRATES zone.
3:06 of 3rd period - Shot by Colton Sissons.
3:06 of 3rd period - Stopped by Chris Driedger with a rebound.
3:08 of 3rd period - Shot by Colton Sissons.
3:08 of 3rd period - Shot Hit the Post.
3:32 of 3rd period - Shot by Gabriel Landeskog.
3:32 of 3rd period - Goal by Gabriel Landeskog - PORTLAND PIRATES : 2 - SACRAMENTO BANDITS : 2.
3:33 of 3rd period - Mika Zibanejad wins face-off versus Alexander DeBrincat in neutral zone.
4:04 of 3rd period - Shot by Travis Konecny.
4:04 of 3rd period - Deflect By Gabriel Landeskog.
4:04 of 3rd period - Shot Misses the Net.
4:06 of 3rd period - Shot by Gabriel Landeskog.
4:06 of 3rd period - Stopped by Andrei Vasilevskiy without a rebound.
4:07 of 3rd period - Lars Eller wins face-off versus Joe Thornton in SACRAMENTO BANDITS zone.
4:07 of 3rd period - Lars Eller is hit by Joe Thornton.
4:10 of 3rd period - Icing by Tom Wilson.
4:11 of 3rd period - Lars Eller wins face-off versus Joe Thornton in SACRAMENTO BANDITS zone.
4:16 of 3rd period - Shot by Jamie Benn.
4:16 of 3rd period - Shot Misses the Net.
4:18 of 3rd period - Shot by Lars Eller.
4:18 of 3rd period - Shot Misses the Net.
4:20 of 3rd period - Shot by Lars Eller.
4:20 of 3rd period - Stopped by Chris Driedger without a rebound.
4:21 of 3rd period - Mika Zibanejad wins face-off versus Jonathan Huberdeau in PORTLAND PIRATES zone.
4:31 of 3rd period - Icing by Gabriel Landeskog.
4:32 of 3rd period - Mika Zibanejad wins face-off versus Tom Wilson in PORTLAND PIRATES zone.
4:49 of 3rd period - Shot by Lars Eller.
4:49 of 3rd period - Shot Misses the Net.
4:52 of 3rd period - Lars Eller is hit by Thomas Chabot and loses puck.
5:37 of 3rd period - Minor Penalty to Alexander DeBrincat for Hooking.
5:38 of 3rd period - Gabriel Dumont wins face-off versus Chandler Stephenson in SACRAMENTO BANDITS zone.
5:44 of 3rd period - Icing by Yanni Gourde.
5:45 of 3rd period - Chandler Stephenson wins face-off versus Gabriel Dumont in PORTLAND PIRATES zone.
6:10 of 3rd period - Shot by Pavel Zacha.
6:10 of 3rd period - Shot Blocked by Lars Eller.
6:12 of 3rd period - Shot by Yanni Gourde.
6:12 of 3rd period - Shot Misses the Net.
6:18 of 3rd period - Shot by Ryan Donato.
6:18 of 3rd period - Stopped by Andrei Vasilevskiy without a rebound.
6:19 of 3rd period - Gabriel Dumont wins face-off versus Mika Zibanejad in SACRAMENTO BANDITS zone.
6:44 of 3rd period - Shot by Mika Zibanejad.
6:44 of 3rd period - Shot Misses the Net.
6:46 of 3rd period - Shot by Travis Konecny.
6:46 of 3rd period - Stopped by Andrei Vasilevskiy with a rebound.
6:48 of 3rd period - Shot by Gabriel Landeskog.
6:48 of 3rd period - Shot Hit the Post.
8:35 of 3rd period - Off-side.
8:36 of 3rd period - Chandler Stephenson wins face-off versus Colton Sissons in neutral zone.
8:44 of 3rd period - Yanni Gourde is hit by John Carlson and loses puck.
9:06 of 3rd period - Yanni Gourde is hit by Mikhail Sergachev and loses puck.
9:18 of 3rd period - Yanni Gourde is hit by John Carlson and loses puck.
10:17 of 3rd period - Shot by Lars Eller.
10:17 of 3rd period - Stopped by Chris Driedger without a rebound.
10:18 of 3rd period - Ryan Donato wins face-off versus Alexander DeBrincat in PORTLAND PIRATES zone.
10:48 of 3rd period - Shot by Rickard Rakell.
10:48 of 3rd period - Shot Blocked by Jonathan Huberdeau.
10:53 of 3rd period - Icing by Jonathan Huberdeau.
10:54 of 3rd period - Mika Zibanejad wins face-off versus Alexander DeBrincat in SACRAMENTO BANDITS zone.
11:01 of 3rd period - Shot by Mika Zibanejad.
11:01 of 3rd period - Stopped by Andrei Vasilevskiy without a rebound.
11:02 of 3rd period - Chandler Stephenson wins face-off versus Lars Eller in SACRAMENTO BANDITS zone.
11:06 of 3rd period - Icing by John Carlson.
11:07 of 3rd period - Lars Eller wins face-off versus Mika Zibanejad in SACRAMENTO BANDITS zone.
11:23 of 3rd period - Icing by Brett Pesce.
11:24 of 3rd period - Mika Zibanejad wins face-off versus Alexander DeBrincat in PORTLAND PIRATES zone.
11:39 of 3rd period - Shot by Travis Konecny.
11:39 of 3rd period - Shot Misses the Net.
11:46 of 3rd period - Icing by Jonathan Huberdeau.
11:47 of 3rd period - Joe Thornton wins face-off versus Alexander DeBrincat in SACRAMENTO BANDITS zone.
11:48 of 3rd period - Shot by Ryan Donato.
11:48 of 3rd period - Shot Misses the Net.
11:50 of 3rd period - Shot by Ryan Donato.
11:50 of 3rd period - Shot Misses the Net.
11:52 of 3rd period - Shot by Joe Thornton.
11:52 of 3rd period - Shot Misses the Net.
12:39 of 3rd period - Shot by Jamie Benn.
12:39 of 3rd period - Stopped by Chris Driedger without a rebound.
12:40 of 3rd period - Lars Eller wins face-off versus Mika Zibanejad in PORTLAND PIRATES zone.
13:16 of 3rd period - Shot by Mika Zibanejad.
13:16 of 3rd period - Deflect By Gabriel Landeskog.
13:16 of 3rd period - Stopped by Andrei Vasilevskiy with a rebound.
13:22 of 3rd period - Shot by Jamie Benn.
13:22 of 3rd period - Goal by Jamie Benn - PORTLAND PIRATES : 2 - SACRAMENTO BANDITS : 3.
13:23 of 3rd period - Chandler Stephenson wins face-off versus Colton Sissons in neutral zone.
13:23 of 3rd period - Chandler Stephenson is hit by Colton Sissons.
14:09 of 3rd period - Chandler Stephenson is hit by Ben Harpur and loses puck.
14:30 of 3rd period - Shot by Rickard Rakell.
14:30 of 3rd period - Stopped by Andrei Vasilevskiy with a rebound.
14:32 of 3rd period - Shot by Jason Demers.
14:32 of 3rd period - Stopped by Andrei Vasilevskiy without a rebound.
14:33 of 3rd period - Mika Zibanejad wins face-off versus Alexander DeBrincat in SACRAMENTO BANDITS zone.
14:47 of 3rd period - Shot by Alexander DeBrincat.
14:47 of 3rd period - Stopped by Chris Driedger with a rebound.
15:45 of 3rd period - Icing by Filip Hronek.
15:46 of 3rd period - Lars Eller wins face-off versus Ryan Donato in SACRAMENTO BANDITS zone.
15:52 of 3rd period - Tom Wilson is hit by Thomas Chabot and loses puck.
16:13 of 3rd period - Shot by Ryan Donato.
16:13 of 3rd period - Stopped by Andrei Vasilevskiy without a rebound.
16:14 of 3rd period - Chandler Stephenson wins face-off versus Kyle Turris in SACRAMENTO BANDITS zone.
16:18 of 3rd period - Chandler Stephenson is hit by Niko Mikkola and loses puck.
16:22 of 3rd period - Icing by John Carlson.
16:23 of 3rd period - Kyle Turris wins face-off versus Chandler Stephenson in SACRAMENTO BANDITS zone.
16:30 of 3rd period - Icing by Yanni Gourde.
16:31 of 3rd period - Lars Eller wins face-off versus Chandler Stephenson in PORTLAND PIRATES zone.
16:54 of 3rd period - Yanni Gourde is hit by Tom Wilson and loses puck.
17:50 of 3rd period - Chandler Stephenson is hit by Jonathan Huberdeau.
17:54 of 3rd period - John Carlson is hit by Chandler Stephenson and loses puck.
18:07 of 3rd period - Shot by Alexander DeBrincat.
18:07 of 3rd period - Shot Misses the Net.
18:09 of 3rd period - Shot by Jonathan Huberdeau.
18:09 of 3rd period - Stopped by Chris Driedger without a rebound.
18:10 of 3rd period - Colton Sissons wins face-off versus Ryan Donato in PORTLAND PIRATES zone.
18:39 of 3rd period - Shot by Colton Sissons.
18:39 of 3rd period - Stopped by Chris Driedger with a rebound.
18:41 of 3rd period - Shot by Colton Sissons.
18:41 of 3rd period - Deflect By Gabriel Dumont.
18:41 of 3rd period - Shot Blocked by Thomas Chabot.
18:56 of 3rd period - Minor Penalty to Tom Wilson for Roughing.
18:56 of 3rd period - Double Minor Penalty to Thomas Chabot for Charging.
18:57 of 3rd period - Jonathan Huberdeau wins face-off versus Mika Zibanejad in PORTLAND PIRATES zone.
Goals for this period are 1 for PORTLAND PIRATES vs 2 for SACRAMENTO BANDITS.
Shots for this period are 10 for PORTLAND PIRATES vs 9 for SACRAMENTO BANDITS.


RYAN
NUGENT-HOPKINS
THATCHER
DEMKO
MITCHELL
MARNER

EAST COAST

HOCKEY LEAGUE

  • 13.MAN3PIT5
  • 14.NHW2ATL3
  • 15.PET5WOR4
  • 16.RHI30
  • 17.QUECHI
  • 18.CHALIM
  • 19.TRVLON
  • 20.CHWBAL